 Dungeon Sprint DCSS version 0.30.1-9-gdf580d7c3d (webtiles) character file.

Game seed: 17304647305076485131

6871 Heoruswealwe the Phalangite (level 10, -5/86 HPs)
             Began as a Minotaur Fighter on Sept 27, 2023.
             Was an Initiate of Gozag.
             Slain by a catoblepas (9 damage)
             ... while petrified by a catoblepas
             ... in the Dungeon (Sprint IX: "|||||||||||||||||||||||||||||").
             The game lasted 00:10:39 (942 turns).

Heoruswealwe the Phalangite (Minotaur Fighter)       Turns: 942, Time: 00:10:40

Health: -5/86      AC: 13    Str: 25    XL:     10   Next: 78%
Magic:  9/9        EV:  2    Int:  5    God:    Gozag
Gold:   3052       SH:  0    Dex: 10    Spells: 9/9 levels left

rFire   . . .        b - +2 halberd (freeze)
rCold   . . .        (shield currently unavailable)
rNeg    + + +        c - +1 chain mail
rPois   ∞            (helmet restricted)
rElec   .            h - +0 cloak
rCorr   .            (no gloves)
SInv    .            (no boots)
Will    .....        (no amulet) Stlth
                     (no ring)
HPRegen 0.34/turn    (no ring)
MPRegen 0.11/turn

%: no teleportation
@: petrified
A: horns 2, retaliatory headbutt
a: Renounce Religion, Potion Petition, Call Merchant, Bribe Branch


You were in the Dungeon.
You worshipped Gozag.
Gozag was most pleased with you.
You visited 1 branch You collected 3052 gold pieces.

Inventory:

Hand Weapons
 a - a +0 trident
 b - a +2 halberd of freezing (weapon)
 l - a +0 glaive
Armour
 c - a +1 chain mail (worn)
 d - a +0 buckler
 h - a +0 cloak (worn)
Wands
 k - a wand of iceblast (10)
Scrolls
 j - 2 scrolls of blinking
 m - 4 scrolls of enchant armour
Potions
 g - 3 potions of haste
 i - 5 potions of might


   Skills:
 + Level 7.5 Fighting
 + Level 26.6 Polearms
 + Level 7.5 Armour
 + Level 5.8 Dodging
 + Level 7.5 Shields


You had 9 spell levels left.
You didn't know any spells.
Your spell library contained the following spells:

 Spells                   Type           Power      Damage    Failure   Level
 Foxfire                  Conj/Fire      0%         2x1d4     94%         1
 Animate Armour           Summ/Erth      0%         N/A       100%        4
 Starburst                Conj/Fire      0%         6d3       100%        6


Dungeon Overview and Level Annotations

Branches:
Dungeon (1/1)

Altars:
Cheibriados
Dithmenos
Elyvilon
Fedhas
Gozag
Hepliaklqana
Kikubaaqudgha
Makhleb
Nemelex Xobeh
Okawaru
Qazlal
Ru
Sif Muna
Trog
Uskayaw
Vehumet
Wu Jian
Xom
Yredelemnul
Zin
The Shining One
Jiyva
Lugonu


Innate Abilities, Weirdness & Mutations

You have a pair of horns on your head.
You reflexively headbutt those who attack you in melee.


Message History

You turn to flesh and can move again.
You slash the catoblepas! You freeze the catoblepas.
The catoblepas is lightly wounded.
The catoblepas breathes a plume of calcifying dust at you.
The blast of calcifying dust hits you.
* * * LOW HITPOINT WARNING * * *
You impale the catoblepas!! You freeze the catoblepas.
The catoblepas is heavily wounded.
You are engulfed in calcifying dust.
You are slowing down.
You hit the catoblepas but do no damage.
The catoblepas is heavily wounded.
You are engulfed in calcifying dust.
The catoblepas breathes a plume of calcifying dust at you.
The blast of calcifying dust hits the catoblepas.
The blast of calcifying dust hits you.
* * * LOW HITPOINT WARNING * * *
The catoblepas gores you.
Your limbs are stiffening.
You puncture the catoblepas! You freeze the catoblepas.
The catoblepas is severely wounded.
You are engulfed in calcifying dust.
The catoblepas gores you but does no damage.
You impale the catoblepas!! You freeze the catoblepas.
The catoblepas is almost dead.
You are engulfed in calcifying dust.
Your limbs have turned to stone.
The catoblepas breathes a plume of calcifying dust at you.
The blast of calcifying dust hits you but does no damage.
The catoblepas gores you!
* * * LOW HITPOINT WARNING * * *
You have turned to stone.
You are engulfed in calcifying dust.
The catoblepas breathes a plume of calcifying dust at you.
The blast of calcifying dust hits you but does no damage.
You are engulfed in calcifying dust.
The catoblepas gores you!
* * * LOW HITPOINT WARNING * * *
The catoblepas breathes a plume of calcifying dust at you.
The blast of calcifying dust hits you but does no damage.
You are engulfed in calcifying dust.
The catoblepas gores you!!
You die...
Your body crumbles into a pile of gold.

$
▓.▓.▓_▓
$
▓.▓.▓_▓
$
▓.▓.▓_▓
$
▓§▓.▓_▓
$
▓.▓.▓_▓
$
▓.▓.▓_▓
$
▓§▓.▓_▓
$
▓§▓.▓_▓
▓@▓.▓_▓
$
▓Y▓.▓'▓
$
▓Y▓.▓!▓
$
▓Y▓.▓?▓
$
▓Y▓.▓)▓
$
▓Y▓.▓.▓
▓Y▓.▓.▓
$
▓.▓.▓[▓
▓.▓[▓


You could see a death yak, 3 catoblepae and 2 yaks.

Vanquished Creatures
  A rakshasa (D)
  A boulder beetle (D)
  2 death yaks (D)
  An elephant (D)
  A black mamba (D)
  A kobold demonologist (D)
  A cane toad (D)
  2 komodo dragons (D)
  A polar bear (D)
  4 trolls (D)
  A blink frog (D)
  2 yaks (D)
  A basilisk (D)
  An acid dragon (D)
  5 water moccasins (D)
  An orc warrior (D)
  A phantom (D)
  A centaur (D)
  3 bullfrogs (D)
  2 scorpions (D)
  A howler monkey (D)
  A hound (D)
  An orc wizard (D)
  A white imp (D)
  An endoplasm (D)
  2 quokkas (D)
  A frilled lizard (D)
  A rat (D)
42 creatures vanquished.

Notes
Turn   | Place    | Note
-------+----------+-------------------------------------------
     0 | D        | Heoruswealwe the Minotaur Fighter began the quest for the
                  | Orb.
     0 | D        | Reached XP level 1. HP: 19/19 MP: 0/0
     8 | D        | Reached skill level 3 in Polearms
    12 | D        | Reached skill level 4 in Polearms
    24 | D        | Noticed a scorpion
    24 | D        | Noticed a phantom
    24 | D        | Noticed a hound
    24 | D        | Noticed a scorpion
    28 | D        | Killed a scorpion
    29 | D        | Reached skill level 9 in Polearms
    29 | D        | Reached XP level 2. HP: 26/26 MP: 1/1
    29 | D        | Reached XP level 3. HP: 31/31 MP: 2/2
    34 | D        | Killed a phantom
    35 | D        | Reached skill level 12 in Polearms
    35 | D        | Reached XP level 4. HP: 39/39 MP: 3/3
    35 | D        | Reached XP level 5. HP: 45/45 MP: 4/4
    38 | D        | Reached skill level 14 in Polearms
    46 | D        | Found a snail-covered altar of Cheibriados.
    46 | D        | Found a shadowy altar of Dithmenos.
    46 | D        | Found a white marble altar of Elyvilon.
    46 | D        | Found a blossoming altar of Fedhas.
    46 | D        | Found an opulent altar of Gozag.
    47 | D        | Found a hazy altar of Hepliaklqana.
    48 | D        | Found a viscous altar of Jiyva.
    49 | D        | Found an ancient bone altar of Kikubaaqudgha.
    50 | D        | Found a corrupted altar of Lugonu.
    51 | D        | Found a burning altar of Makhleb.
    52 | D        | Found a sparkling altar of Nemelex Xobeh.
    53 | D        | Found an iron altar of Okawaru.
    54 | D        | Became a worshipper of Gozag Ym Sagoz the Greedy
    55 | D        | Found a stormy altar of Qazlal.
    56 | D        | Found a sacrificial altar of Ru.
    57 | D        | Found a shimmering blue altar of Sif Muna.
    58 | D        | Found a bloodstained altar of Trog.
    59 | D        | Found a hide-covered altar of Uskayaw.
    60 | D        | Found a radiant altar of Vehumet.
    61 | D        | Found an ornate altar of the Wu Jian Council.
    62 | D        | Found a shimmering altar of Xom.
    63 | D        | Found a basalt altar of Yredelemnul.
    64 | D        | Found a glowing silver altar of Zin.
    65 | D        | Found a glowing golden altar of the Shining One.
   112 | D        | Noticed a yak
   112 | D        | Noticed a centaur
   112 | D        | Noticed an orc warrior
   112 | D        | Noticed a kobold demonologist
   112 | D        | Noticed a troll
   118 | D        | Killed a yak
   119 | D        | Reached skill level 16 in Polearms
   119 | D        | Reached XP level 6. HP: 16/51 MP: 5/5
   122 | D        | Reached skill level 17 in Polearms
   125 | D        | Killed an orc warrior
   126 | D        | Reached XP level 7. HP: 20/57 MP: 6/6
   136 | D        | Noticed a smoke demon
   140 | D        | Killed a kobold demonologist
   141 | D        | Reached skill level 19 in Polearms
   143 | D        | Killed a troll
   144 | D        | Reached skill level 20 in Polearms
   144 | D        | Reached XP level 8. HP: 12/64 MP: 7/7
   317 | D        | Noticed a troll
   317 | D        | Noticed a troll
   317 | D        | Noticed a rakshasa
   317 | D        | Noticed a troll
   322 | D        | Killed a troll
   323 | D        | Reached skill level 21 in Polearms
   325 | D        | Killed a troll
   329 | D        | Killed a rakshasa
   330 | D        | Reached skill level 23 in Polearms
   330 | D        | Reached XP level 9. HP: 44/70 MP: 8/8
   343 | D        | Killed a troll
   344 | D        | Reached skill level 24 in Polearms
   576 | D        | Got the Encyclopedia of the Coarse Dragon
   587 | D        | Noticed a komodo dragon
   608 | D        | Killed a komodo dragon
   613 | D        | Reached skill level 25 in Polearms
   763 | D        | Noticed a black mamba
   763 | D        | Noticed an elephant
   763 | D        | Noticed a cane toad
   763 | D        | Noticed a komodo dragon
   764 | D        | Killed a black mamba
   767 | D        | Reached skill level 26 in Polearms
   767 | D        | Reached XP level 10. HP: 77/77 MP: 9/9
   771 | D        | Killed an elephant
   772 | D        | Reached skill level 1 in Dodging
   776 | D        | Killed a cane toad
   777 | D        | Reached skill level 5 in Fighting
   777 | D        | Reached skill level 5 in Armour
   777 | D        | Reached skill level 5 in Shields
   780 | D        | Noticed a boulder beetle
   807 | D        | Killed a boulder beetle
   912 | D        | Noticed a death yak
   912 | D        | Noticed a death yak
   912 | D        | Noticed a catoblepas
   912 | D        | Noticed a catoblepas
   919 | D        | Noticed a catoblepas
   920 | D        | Killed a death yak
   921 | D        | Reached skill level 5 in Dodging
   925 | D        | Noticed a death yak
   926 | D        | Killed a death yak
   940 | D        | HP: 3/86 [catoblepas (5)]
   942 | D        | Slain by a catoblepas

Illustrated notes

Levels and vault maps discovered:
D:        linesprint [early_d, line_temple, items_1, d_10, items_2, lair_1,
          lair_end, items_3, orc_1, orc_end, items_4, d_15, swamp_1, shoals_1,
          snake_1, spider_1, d_20, vaults_1, items_5, swamp_end, shoals_end,
          snake_end, spider_end, vaults_end, d_27, items_6, zot_1, zot_end,
          crypt_end, forest_end, elf_end, slime_end, tomb_end, abyss_end,
          pan_hell_end]

Skill      XL: |  1  2  3  4  5  6  7  8  9 10 |
---------------+-------------------------------+-----
Polearms       | 9 12 16 17 20 23 26 | 26.6
Fighting       | 7 |  7.5
Armour         | 7 |  7.5
Dodging        | 5 |  5.8
Shields        | 7 |  7.5

Action                     |  1- 3 |  4- 6 |  7- 9 | 10-12 || total
---------------------------+-------+-------+-------+-------++-------
  Melee: Trident           |    22 |     5 |       |       ||    27
         Headbutt          |     1 |       |    18 |    11 ||    30
         Halberd           |       |    10 |    71 |    46 ||   127
    Use: Potion            |     1 |     1 |     3 |     4 ||     9
         Scroll            |       |       |       |     1 ||     1
   Stab: Distracted        |       |       |       |     1 ||     1
         Petrified         |       |       |       |     1 ||     1
 Armour: Scale mail        |     6 |       |       |       ||     6
         Chain mail        |       |     4 |    24 |    10 ||    38
  Dodge: Dodged            |     2 |       |    15 |     6 ||    23
  Block: Buckler           |     3 |       |       |       ||     3
